 Dungeon Crawl Stone Soup version 0.29.1-13-g9f3cf754e1 (webtiles) character file.

Game seed: 17977962590844587214

27906 jagang the Fighter (level 13, -10/106 HPs)
             Began as a Demonspawn Cinder Acolyte on Jan 27, 2023.
             Was a Believer of Ignis.
             Constricted to death by Jorgrun (11 damage)
             ... on level 2 of the Orcish Mines on Feb 3, 2023.
             The game lasted 01:59:07 (19569 turns).

jagang the Fighter (Demonspawn Cinder Acolyte)     Turns: 19569, Time: 01:59:12

Health: -10/106    AC: 28    Str: 19    XL:     13   Next: 6%
Magic:  0/21       EV: 15    Int: 16    God:    Ignis [**....]
Gold:   904        SH:  8    Dex:  7    Spells: 12/23 levels left

rFire   + . .      SeeInvis .   c - +2 double sword (freeze)
rCold   . . .      Faith    .   (no shield)
rNeg    + . .      Spirit   +   W - +4 pearl dragon scales
rPois   .          Reflect  .   (helmet restricted)
rElec   +          Harm     .   (no cloak)
rCorr   .          Rampage  .   (gloves unavailable)
Will    .....                   g - +1 pair of boots
Stlth   ..........              K - amulet of guardian spirit
HPRegen 0.27/turn               e - +4 ring of protection
MPRegen 0.34/turn               N - ring "Safocwul" {rElec EV+4}

@: grasped by roots, constricted
A: repulsion field 2, icemail 1, magic regeneration, condensation shield,
demonic touch 3, horns 2, large bone plates 1, clumsy 1
a: Renounce Religion, Fiery Armour, Foxfire Swarm, Rising Flame


You were on level 2 of the Orcish Mines.
You worshipped Ignis.
Ignis was pleased with you.
You visited 4 branches of the dungeon, and saw 18 of its levels.
You also visited: Ossuary and Ice Cave.

You collected 1084 gold pieces.
You spent 180 gold pieces at shops.

Inventory:

Hand Weapons
 c - a +2 double sword of freezing (weapon)
Missiles
 D - a throwing net (quivered)
Armour
 g - a +1 pair of boots (worn)
 W - +4 pearl dragon scales (worn)
Jewellery
 e - a +4 ring of protection (left hand)
 K - an amulet of guardian spirit (around neck)
 N - the ring "Safocwul" (right hand) {rElec EV+4}
   (You found it on level 8 of the Dungeon)

   [ring of evasion]

   EV:        It affects your evasion (+4).
   rElec:     It insulates you from electricity.
 Y - an amulet of regeneration
Wands
 o - a wand of roots (30)
 w - a wand of light (3)
 C - a wand of mindburst (12)
 G - a wand of polymorph (27)
 T - a wand of paralysis (15)
 Z - a wand of digging (11)
Scrolls
 a - 4 scrolls of identify
 f - 6 scrolls of blinking
 j - 4 scrolls of immolation
 k - a scroll of magic mapping
 t - 3 scrolls of enchant weapon
 x - a scroll of silence {unknown}
 y - 2 scrolls of fog
 L - a scroll of summoning {unknown}
 R - 2 scrolls of teleportation
 U - 2 scrolls of fear {unknown}
 V - 2 scrolls of amnesia {unknown}
Potions
 b - 2 potions of invisibility {unknown}
 h - a potion of curing
 i - 2 potions of ambrosia
 m - 3 potions of flight
 n - 7 potions of mutation
 p - a potion of attraction {unknown}
 r - 2 potions of might {unknown}
 z - 2 potions of haste
 A - 3 potions of brilliance
 B - 2 potions of magic
 E - a potion of cancellation {unknown}
 H - 2 potions of resistance
 P - 2 potions of heal wounds {unknown}
Miscellaneous
 d - a condenser vane
 M - a box of beasts
 O - a condenser vane


   Skills:
 * Level 11.1 Fighting
 * Level 10.2 Long Blades
 * Level 9.4 Armour
 + Level 6.8 Dodging
 - Level 5.0 Unarmed Combat
 + Level 5.9 Spellcasting
 - Level 2.2 Conjurations
 * Level 5.5 Fire Magic
 - Level 2.1 Air Magic
 - Level 2.4 Evocations


You had 12 spell levels left.
You knew the following spells:

 Your Spells              Type           Power      Damage    Failure   Level
a - Scorch                Fire           44%        2d7       7%          2
b - Airstrike             Air            5%         2d(1-17)  87%         4
c - Lightning Bolt        Conj/Air       5%         1d17      99%         5

Your spell library contained the following spells:

 Spells                   Type           Power      Damage    Failure   Level
 Magic Dart               Conj           44%        1d5       17%         1
 Searing Ray              Conj           22%        2d5       26%         2
 Static Discharge         Conj/Air       11%        3-5/arc   26%         2
 Beastly Appendage        Tmut           8%         N/A       41%         1
 Blink                    Tloc           8%         N/A       54%         2
 Ensorcelled Hibernation  Hex/Ice        8%         N/A       54%         2
 Wereblood                Tmut           4%         N/A       54%         2
 Lesser Beckoning         Tloc           4%         N/A       78%         3
 Ozocubu's Armour         Ice            4%         N/A       78%         3
 Portal Projectile        Hex/Tloc       8%         N/A       78%         3
 Spider Form              Tmut/Pois      4%         N/A       78%         3
 Tukima's Dance           Hex            4%         N/A       78%         3
 Fulminant Prism          Conj/Hex       4%         3d6       95%         4
 Summon Lightning Spire   Summ/Air       8%         N/A       95%         4
 Anguish                  Hex/Necr       2%         N/A       99%         4
 Blade Hands              Tmut           2%         N/A       100%        5
 Manifold Assault         Tloc           4%         N/A       100%        5
 Ozocubu's Refrigeration  Ice            2%         4d7       100%        7
 Maxwell's Capacitive Co  Air            5%         ∞         100%        8
 Polar Vortex             Ice            2%         N/A       100%        9


Dungeon Overview and Level Annotations

Branches:
Dungeon (14/15)            Temple (1/1) D:5            Lair (1/5) D:10
    Orc (2/2) D:12        Ossuary (visited)           IceCv (visited)
    Elf: Orc:2       Vaults: D:13-14

Altars:
Ashenzari
Cheibriados
Dithmenos
Fedhas
Gozag
Hepliaklqana
Kikubaaqudgha
Makhleb
Nemelex Xobeh
Okawaru
Qazlal
Ru
Sif Muna
Trog
Uskayaw
Vehumet
Wu Jian
Xom
Yredelemnul

Shops:
D:1 !   D:3 *

Annotations:
D:6 1 runed translucent door
D:7 exclusion: ice statue
D:8 exclusion: oklob plant
D:9 exclusion: 3 oklob plants
Orc:2 Jorgrun


Innate Abilities, Weirdness & Mutations

You are surrounded by a moderate repulsion field. (EV +3)
A meltable icy envelope protects you from harm. (AC +4)
You regenerate magic rapidly.
A meltable shield of frost defends you. (SH +4)
Your touch may irresistibly damage your foes and sap their willpower.
You have a pair of horns on your head.
You are partially covered in large bone plates. (SH +4)
You are clumsy. (Dex -2)


Message History

Roots burst forth from the earth!
The grasping roots grab you! The grasping roots constrict you.
Jorgrun casts a spell next to you.
The wall shatters!
The blast of rock fragments hits you but does no damage.
The grasping roots constrict you.
Jorgrun says, "May tha earth consume ye!"
Jorgrun hits you but does no damage. The grasping roots constrict you!
Jorgrun points at you and mumbles some strange words.
The iron shot hits you!! The grasping roots constrict you!
You turn to flesh and can move again.
You miss Jorgrun. You headbutt Jorgrun!
Jorgrun is lightly wounded.
Jorgrun hits you but does no damage. The grasping roots constrict you.
You hit Jorgrun but do no damage. Your headbutt misses Jorgrun.
Your touch misses Jorgrun.
Jorgrun is lightly wounded.
Jorgrun says, "Yer just na down-ta-earth enough."
You block Jorgrun's attack. The grasping roots constrict you.
You miss Jorgrun. Your touch misses Jorgrun.
You punch Jorgrun, but do no damage.
Jorgrun is lightly wounded.
Jorgrun hits you with a +0 vorpal quarterstaff!
The grasping roots constrict you!
You closely miss Jorgrun.
Jorgrun is lightly wounded.
Jorgrun gestures at you while chanting. The iron shot misses you.
The grasping roots constrict you!!
You closely miss Jorgrun. Your headbutt misses Jorgrun.
Your touch misses Jorgrun.
Jorgrun is lightly wounded.
Jorgrun hits you but does no damage. The grasping roots constrict you.
You miss Jorgrun. Your headbutt misses Jorgrun. Your touch misses Jorgrun.
Jorgrun is lightly wounded.
Jorgrun points at you and mumbles some strange words.
The iron shot hits you!!!
* * * LOW HITPOINT WARNING * * *
The grasping roots constrict you!
You die...

# .### ##
###########..##.##
##.##.##..#.......#
#................#
##.##.#.......g..#
.###.#.....#...#@..##
#.#................#
................#.##
..#............####
.........._...##
...............#
................
.....))........
...÷)..........


You could see Jorgrun.

Vanquished Creatures
  Gastronok (Lair:1)
  Snorg (D:12)
  4 hydras
  A boulder beetle (D:12)
  A centaur warrior (D:8)
  3 two-headed ogres
  2 bog bodies (IceCv)
  2 deep elf pyromancers
  An orc knight (Orc:2)
  A cyclops (D:9)
  2 black mambas (Lair:1)
  An ice statue (IceCv)
  2 cane toads (Lair:1)
  An unseen horror (D:11)
  Psyche (D:12)
  2 ice devils (D:13)
  A komodo dragon (Lair:1)
  5 trolls
  A wind drake (shapeshifter) (D:8)
  3 anaconda simulacra (IceCv)
  2 hornets
  Sigmund (D:7)
  2 water elementals (D:11)
  23 yaks
  2 dire elephant simulacra (IceCv)
  A wyvern (D:10)
  3 wraiths
  8 vampire mosquitoes
  A death yak simulacrum (IceCv)
  3 wargs (Orc:2)
  Edmund (D:7)
  2 hydra simulacra (IceCv)
  2 water moccasins
  A floating eye (D:9)
  6 orc warriors
  An ice beast (D:4)
  4 sky beasts
  3 black bears (D:10)
  5 wolves (Lair:1)
  2 ogres
  4 centaurs
  Blork the orc (D:5)
  A phantom (D:6)
  2 kobold brigands
  4 bullfrogs
  10 two-headed ogre simulacra (IceCv)
  9 scorpions
  A cane toad simulacrum (IceCv)
  2 gnoll sergeants
  5 water moccasin zombies (Ossuary)
  12 wights
  3 killer bees
  3 elephant simulacra (IceCv)
  6 howler monkeys
  4 electric eels (D:11)
  A jelly (D:6)
  6 orc priests
  6 hounds
  2 iguanas
  7 orc wizards
  4 polar bear simulacra (IceCv)
  5 spriggan simulacra (IceCv)
  3 troll simulacra (IceCv)
  A wolf simulacrum (IceCv)
  2 mummies (Ossuary)
  7 gnolls
  5 adders
  6 naga simulacra (IceCv)
  8 white imps
  4 ufetubi
  An adder zombie (Ossuary)
  A dart slug (D:2)
  31 orcs
  7 ball pythons
  3 bat skeletons (D:8)
  A bat zombie (D:8)
  3 endoplasms (D:1)
  13 giant cockroaches
  4 gnoll zombies (Ossuary)
  5 goblins
  9 hobgoblins
  11 jackals
  2 quokkas
  4 bats
  4 frilled lizards
  2 hobgoblin zombies (Ossuary)
  10 kobolds
  5 kobold zombies (Ossuary)
  8 orc zombies (Ossuary)
  5 rats
372 creatures vanquished.

Vanquished Creatures (others)
  A centaur (D:8)
  A wight (D:8)
  3 foxfires (D:7)
  32 fungi
  55 plants
92 creatures vanquished.

Grand Total: 464 creatures vanquished

Notes
Turn   | Place    | Note
-------+----------+-------------------------------------------
     0 | D:1      | jagang the Demonspawn Cinder Acolyte began the quest for
                  | the Orb.
     0 | D:1      | Reached XP level 1. HP: 18/18 MP: 2/2
   437 | D:1      | Gained mutation: A meltable shield of frost defends you.
                  | (SH +4) [demonic ancestry]
   437 | D:1      | Reached XP level 2. HP: 11/24 MP: 3/3
   803 | D:1      | Found Guamel's Distillery.
   810 | D:1      | Bought a potion of degeneration for 12 gold pieces
   810 | D:1      | Bought a potion of flight for 36 gold pieces
  1367 | D:2      | Gained mutation: Your touch may inflict minor irresistible
                  | damage on your foes. [demonic ancestry]
  1367 | D:2      | Reached XP level 3. HP: 22/29 MP: 4/4
  2481 | D:3      | Found Jonurph's Assorted Antiques.
  2504 | D:3      | Bought a scroll labelled HAS CE ARACUZA for 24 gold pieces
  2504 | D:3      | Bought a scroll labelled OCRETT HIAQ for 24 gold pieces
  2504 | D:3      | Bought a pink potion for 21 gold pieces
  2628 | D:3      | Found a hazy altar of Hepliaklqana.
  2841 | D:3      | Found a faded altar of an unknown god.
  2897 | D:3      | Gained mutation: You are surrounded by a mild repulsion
                  | field. (EV +2) [demonic ancestry]
  2897 | D:3      | Reached XP level 4. HP: 34/35 MP: 6/6
  3136 | D:3      | Reached skill level 1 in Armour
  3136 | D:3      | Reached skill level 1 in Dodging
  3273 | D:3      | Found a shimmering altar of Xom.
  3409 | D:3      | Bought a grey potion for 21 gold pieces
  3409 | D:3      | Bought a blue potion for 21 gold pieces
  3409 | D:3      | Bought a dark potion for 21 gold pieces
  3486 | D:4      | Found a hide-covered altar of Uskayaw.
  3782 | D:4      | Found a shimmering blue altar of Sif Muna.
  3790 | D:4      | Noticed an ogre
  3797 | D:4      | Gained mutation: A meltable icy envelope protects you from
                  | harm. (AC +4) [demonic ancestry]
  3797 | D:4      | Reached XP level 5. HP: 30/42 MP: 7/7
  3797 | D:4      | Gained mutation: You are partially covered in large bone
                  | plates. (SH +4) [potion of mutation]
  3797 | D:4      | Gained mutation: You have a pair of small horns on your
                  | head. [potion of mutation]
  3797 | D:4      | Gained mutation: You are clumsy. (Dex -2) [potion of
                  | mutation]
  3797 | D:4      | Gained mutation: You have a pair of horns on your head.
                  | [potion of mutation]
  3808 | D:4      | Killed an ogre
  3809 | D:4      | Reached skill level 4 in Fighting
  4095 | D:4      | Noticed an ice beast
  4104 | D:4      | Killed an ice beast
  4105 | D:4      | Gained mutation: You regenerate magic rapidly. [demonic
                  | ancestry]
  4105 | D:4      | Reached XP level 6. HP: 49/49 MP: 7/9
  4301 | D:5      | Entered Level 5 of the Dungeon
  4604 | D:5      | Found a snail-covered altar of Cheibriados.
  4618 | D:5      | Noticed Blork the orc
  4639 | D:5      | Killed Blork the orc
  4640 | D:5      | Gained mutation: Your touch may inflict irresistible damage
                  | on your foes. [demonic ancestry]
  4640 | D:5      | Reached XP level 7. HP: 19/55 MP: 10/10
  5005 | D:5      | Found a basalt altar of Yredelemnul.
  5005 | D:5      | Found a radiant altar of Vehumet.
  5235 | D:5      | Found a staircase to the Ecumenical Temple.
  5247 | Temple   | Entered the Ecumenical Temple
  5381 | D:5      | Found Qozxo's Book Shop.
  5614 | D:5      | Reached skill level 5 in Fighting
  6167 | D:6      | Found a broken altar of Ashenzari.
  6275 | D:6      | Found a runed translucent door.
  6276 | D:6      | Found a runed translucent door.
  6290 | D:6      | Found a sand-covered staircase.
  6303 | Ossuary  | Entered an ossuary
  6426 | Ossuary  | Reached skill level 1 in Unarmed Combat
  6426 | Ossuary  | Reached XP level 8. HP: 60/63 MP: 12/12
  6438 | Ossuary  | Reached skill level 5 in Long Blades
  6756 | D:6      | Identified the +2 leather armour "Hiycwyru" {rCorr}
  7137 | D:6      | Reached skill level 6 in Fighting
  7443 | D:7      | Noticed Edmund
  7444 | D:7      | Noticed Sigmund
  7457 | D:7      | Killed Edmund
  7462 | D:7      | Killed Sigmund
  7463 | D:7      | Reached XP level 9. HP: 68/71 MP: 13/13
  7827 | D:7      | Noticed an ice statue
  7960 | D:7      | Learned a level 2 spell: Scorch
  8197 | D:8      | Noticed a four-headed hydra
  8197 | D:8      | Noticed a wind drake
  8198 | D:8      | Noticed a four-headed hydra
  8225 | D:8      | Killed a wind drake
  8226 | D:8      | Reached skill level 7 in Fighting
  8238 | D:8      | Killed a two-headed hydra
  8238 | D:8      | Killed a four-headed hydra
  8239 | D:8      | Reached skill level 5 in Armour
  8260 | D:8      | Reached XP level 10. HP: 24/80 MP: 11/15
  8262 | D:8      | Noticed a centaur warrior
  8278 | D:8      | Killed a centaur warrior
  8566 | D:8      | Identified the ring "Safocwul" {rElec EV+4}
  8596 | D:8      | Reached skill level 8 in Fighting
  8691 | D:8      | Noticed a two-headed ogre
  8706 | D:8      | Killed a two-headed ogre
  9019 | D:8      | Found an ancient bone altar of Kikubaaqudgha.
  9075 | D:8      | Noticed a deep elf pyromancer
  9086 | D:8      | Killed a deep elf pyromancer
  9090 | D:8      | Found an iron altar of Okawaru.
  9171 | D:8      | Noticed a two-headed ogre
  9188 | D:8      | Killed a two-headed ogre
  9204 | D:8      | Reached skill level 5 in Dodging
  9384 | D:8      | Found a runed translucent door.
  9486 | D:8      | Found a blossoming altar of Fedhas.
  9509 | D:8      | Noticed an oklob plant
 10241 | D:9      | Gained mutation: You are surrounded by a moderate repulsion
                  | field. (EV +3) [demonic ancestry]
 10241 | D:9      | Reached XP level 11. HP: 73/87 MP: 14/17
 10317 | D:9      | Reached skill level 9 in Fighting
 10501 | D:9      | Noticed an oklob plant
 10505 | D:9      | Noticed an oklob plant
 10573 | D:9      | Paralysed by a floating eye for 3 turns
 10590 | D:9      | Reached skill level 1 in Evocations
 10983 | D:9      | Noticed an oklob plant
 11228 | D:10     | Entered Level 10 of the Dungeon
 11288 | D:10     | Found a staircase to the Lair.
 11773 | D:10     | Noticed a two-headed ogre
 11814 | D:10     | Killed a two-headed ogre
 11815 | D:10     | Reached skill level 5 in Unarmed Combat
 11820 | D:10     | Learned a level 4 spell: Airstrike
 11826 | D:10     | Learned a level 5 spell: Lightning Bolt
 12660 | Lair:1   | Entered Level 1 of the Lair of Beasts
 12767 | Lair:1   | Reached skill level 1 in Conjurations
 12767 | Lair:1   | Reached skill level 1 in Air Magic
 12819 | Lair:1   | Noticed a five-headed hydra
 12856 | D:10     | Killed a six-headed hydra
 13047 | Lair:1   | Reached skill level 10 in Fighting
 13385 | Lair:1   | Noticed Gastronok
 13411 | Lair:1   | Killed Gastronok
 13412 | Lair:1   | Reached skill level 5 in Spellcasting
 13412 | Lair:1   | Reached XP level 12. HP: 31/97 MP: 7/19
 13732 | D:11     | Found a radiant altar of Vehumet.
 13919 | D:11     | You fall into a shaft and drop 3 floors!
 14023 | D:13     | Found a frozen archway.
 14134 | IceCv    | Entered an ice cave
 15730 | IceCv    | HP: 2/99 [spriggan simulacrum (14)]
 16075 | IceCv    | Got Sif Muna's Encyclopedia of Congelation
 16282 | D:12     | Noticed Psyche
 16290 | D:12     | Noticed a seven-headed hydra
 18191 | D:12     | Noticed a boulder beetle
 18208 | D:12     | Reached skill level 5 in Fire Magic
 18221 | D:12     | Killed a boulder beetle
 18222 | D:12     | Reached skill level 10 in Long Blades
 18238 | D:12     | Killed Psyche
 18242 | D:12     | Killed a seven-headed hydra
 18243 | D:12     | Reached skill level 11 in Fighting
 18515 | D:12     | Found a staircase to the Orcish Mines.
 18586 | D:12     | Noticed Frances
 18842 | D:12     | Noticed Snorg
 18856 | D:12     | Killed Snorg
 18857 | D:12     | Gained mutation: Your touch may irresistibly damage your
                  | foes and sap their willpower. [demonic ancestry]
 18857 | D:12     | Reached XP level 13. HP: 103/106 MP: 21/21
 19052 | Orc:1    | Entered Level 1 of the Orcish Mines
 19119 | Orc:2    | Entered Level 2 of the Orcish Mines
 19552 | Orc:2    | Noticed Jorgrun
 19569 | Orc:2    | HP: 1/106 [Jorgrun/iron shot (38)]
 19569 | Orc:2    | Constricted to death by Jorgrun

Illustrated notes

Levels and vault maps discovered:
D:1:      dpeg_arrival_rooms_a, layout_loops_ring, serial_shops,
          nicolae_shop_hallway_plus, minivault_23
D:2:      layout_loops_cross
D:3:      layout_basic, amcnicky_altar_gilded, xom_butterflies,
          chequers_ecumenical_altar_grove, serial_shops, shop
D:4:      layout_basic, mainiacjoe_overflow_chevrons, led_sif_pool,
          nicolae_uskayaw_murder_on_the_dancefloor
D:5:      layout_layer_cave, gammafunk_temple_overflow_elements,
          cheibriados_altar_1, minmay_temple_entry_statues_pillars,
          serial_shops, nicolae_diamond_shop,
          amcnicky_mini_rare_corridor_liquid, uniq_blork_the_orc
D:6:      lemuel_insect_pit, layout_cave_pools,
          mainiacjoe_overflow_small_starburst,
          lightli_ossuary_entry_decrepit_ruins
D:7:      lemuel_ice_statue, layout_basic, sigmund_edmund_badplayer
D:8:      minmay_the_grid_four_pointed_star
          [minmay_the_grid_triangle_9x9_subtriangle,
          minmay_the_grid_triangle_9x9_thin_v,
          minmay_the_grid_triangle_9x9_shrine,
          minmay_the_grid_triangle_9x9_corrupted_corridor,
          minmay_the_grid_prize_big_room], layout_basic, okawaru_trees_2,
          tgw_fedhas, kennysheep_vampire_church, minmay_ruined_shrine
D:9:      layout_basic, disabler_island
D:10:     layout_cave_pools, due_lair_maze_entry_diamond,
          nicolae_diode_intersection
D:11:     wad_lake_hut, layout_loops_ring, vehumet_crystals
D:12:     layout_loops_ring, minmay_orc_entry_temple_small, uniq_frances,
          uniq_psyche, uniq_snorg
D:13:     layout_long_grid, portal_ice_cave_demonic_guard
D:14:     layout_long_grid, grunt_vaults_entry_tiered, minivault_24, serial_ice,
          serial_ice_m, serial_ice_f, serial_ice_j, serial_ice_e,
          wad_floor_pattern_untrapped, nicolae_elevator_lobby_asterisk
Temple:   compressed_dpeg_circular_temple
Lair:1:   cheibrodos_lair_river_kwai, layout_hall_layers,
          chequers_serial_rivers_micro_d, uniq_grum, uniq_gastronok
Orc:1:    layout_caves, uniq_sonja
Orc:2:    st_orc_open, layout_caves, basic_altar, mines1_david, uniq_jorgrun

Skill      XL: |  1  2  3  4  5  6  7  8  9 10 11 12 |
---------------+-------------------------------------+-----
Long Blades    | 3 4 5 7 8 9 10 | 10.2
Fire Magic     | 3 5 |  5.5
Armour         | 1 2 4 5 7 8 9 |  9.4
Dodging        | 1 2 3 4 5 6 |  6.8
Fighting       | 4 5 6 7 8 10 11 | 11.1
Spellcasting   | 2 3 4 5 |  5.9
Unarmed Combat | 1 2 3 4 5 |  5.0
Evocations     | 2 |  2.4
Conjurations   | 1 2 |  2.2
Air Magic      | 1 2 |  2.1

Action                   |  1- 3 |  4- 6 |  7- 9 | 10-12 | 13-15 || total
-------------------------+-------+-------+-------+-------+-------++-------
Melee: Falchion          |   164 |   120 |   278 |    88 |       ||   650
       Touch             |    10 |    16 |    38 |   120 |     3 ||   187
       Headbutt          |       |    13 |    54 |   174 |    11 ||   252
       Punch             |       |     2 |     3 |    16 |     3 ||    24
       Scimitar          |       |       |       |   371 |       ||   371
       Unarmed           |       |       |       |     7 |       ||     7
       Long sword        |       |       |       |   184 |       ||   184
       Double sword      |       |       |       |   149 |    54 ||   203
Throw: Throwing net      |       |       |     2 |     1 |       ||     3
 Cast: Scorch            |       |       |       |    44 |       ||    44
Invok: Fiery Armour      |       |     2 |     2 |     3 |       ||     7
       Foxfire Swarm     |       |       |     2 |       |       ||     2
Evoke: Wand              |       |       |     6 |    13 |       ||    19
  Use: Potion            |       |     3 |     2 |     5 |       ||    10
       Scroll            |       |       |     7 |    14 |       ||    21
 Stab: Invisible         |       |       |     1 |     2 |       ||     3
Armor: Leather armour    |    47 |    18 |       |       |       ||    65
       Scale mail        |       |     4 |    70 |       |       ||    74
       Plate armour      |       |       |    78 |    71 |       ||   149
       Pearl dragon scal |       |       |       |   303 |    38 ||   341
       Skin              |       |       |       |     2 |       ||     2
Dodge: Dodged            |    93 |    70 |   102 |   576 |    96 ||   937
Block: Other             |    24 |    48 |   123 |   305 |    57 ||   557
       Tower shield      |       |       |       |    72 |       ||    72
       Buckler           |       |       |       |    11 |       ||    11
